 Dungeon Crawl Stone Soup version 0.23.2-40-g277498a001 (webtiles) character file.

Game seed: 15607639148265326487

790 Descartes the Shield-Bearer (level 8, -1/62 HPs)
             Began as a Formicid Fighter on Aug 23, 2019.
             Was an Initiate of Qazlal.
             Slain by a killer bee (4 damage)
             ... on level 7 of the Dungeon.
             The game lasted 00:10:50 (4996 turns).

Descartes the Shield-Bearer (Formicid Fighter)      Turns: 4996, Time: 00:10:50

Health: -1/62      AC: 14    Str: 18 (21) XL:     8   Next: 12%
Magic:  8/8        EV: 10    Int: 12 (14) God:    Qazlal [......]
Gold:   370        SH: 10    Dex:  9 (12) Spells: 7/7 levels left

rFire    + . .     SeeInvis +   a - +0 war axe
rCold    . . .     Gourm    .   c - +0 shield
rNeg     . . .     Faith    .   K - +2 plate armour {rF+}
rPois    .         Spirit   .   (helmet unavailable)
rElec    .         Reflect  .   (no cloak)
rCorr    .         Harm     .   (no gloves)
MR       .....                  (no boots)
Stlth    ..........             (no amulet)
HPRegen  0.20/turn              q - +5 ring of evasion
MPRegen  0.11/turn              u - +6 ring of intelligence

@: lethally poisoned (-1 -> -10)
A: permanent stasis, dig shafts and tunnels, four strong arms, antennae 3
a: Dig, Shaft Self, Renounce Religion


You were on level 7 of the Dungeon.
You worshipped Qazlal.
Qazlal was noncommittal.
You were not hungry.

You visited 1 branch of the dungeon, and saw 7 of its levels.

You collected 370 gold pieces.

Inventory:

Hand Weapons
 a - a +0 war axe (weapon)
 m - a +2 short sword of draining
 B - a +1 dagger of pain
Missiles
 e - 120 arrows
 h - 192 stones (quivered)
 s - 5 poisoned needles
Armour
 c - a +0 shield (worn)
 K - a +2 plate armour of fire resistance (worn)
Jewellery
 q - a +5 ring of evasion (left hand)
 u - a +6 ring of intelligence (right hand)
 y - an uncursed ring of flight {unknown}
 C - an uncursed ring of wizardry
Scrolls
 g - a scroll of blinking {unknown}
 i - a scroll of enchant armour {unknown}
 k - a scroll of amnesia {unknown}
 l - 3 scrolls of identify {unknown}
 o - 2 scrolls of remove curse
 v - a scroll of fear {unknown}
 A - a scroll of fog {unknown}
 E - a scroll of magic mapping {unknown}
 I - a scroll of random uselessness {unknown}
 J - 2 scrolls of immolation {unknown}
Potions
 b - a potion of resistance {unknown}
 d - a potion of might
 j - 2 potions of degeneration
 n - 2 potions of cancellation
 p - a potion of brilliance {unknown}
 r - a potion of curing
 t - a potion of berserk rage
 w - a potion of mutation {unknown}
 x - a potion of haste
 D - a potion of invisibility {unknown}
 F - a potion of heal wounds {unknown}
 G - a potion of agility {unknown}
 H - a potion of ambrosia {unknown}
Comestibles
 f - 12 rations


   Skills:
 + Level 5.1 Fighting
 + Level 3.9 Axes
 + Level 5.0 Armour
 + Level 2.6 Dodging
 * Level 6.7 Shields
 + Level 1.3 Invocations


You had 7 spell levels left.
You didn't know any spells.
Your spell library contained the following spells:

 Spells                   Type           Power        Failure   Level  Hunger
 Animate Skeleton         Necr           N/A          100%        1    ##.....
 Apportation              Tloc           #.....       100%        1    ##.....
 Confusing Touch          Hex            #.....       100%        1    ##.....
 Summon Small Mammal      Summ           #...         100%        1    ##.....
 Call Imp                 Summ           #.......     100%        2    ###....
 Call Canine Familiar     Summ           #.......     100%        3    ####...
 Summon Guardian Golem    Hex/Summ       #.......     100%        3    ####...
 Summon Ice Beast         Ice/Summ       #.......     100%        4    #####..
 Summon Lightning Spire   Summ/Air       #.......     100%        4    #####..


Dungeon Overview and Level Annotations

Branches:
Dungeon (8/15)               Lair (0/6) D:8
 Temple: D:4-7

Altars:
Ashenzari
Qazlal
Ru
Xom


Innate Abilities, Weirdness & Mutations

You cannot be hasted, slowed, berserked, paralysed or teleported.
You can dig through walls and to a lower floor.
Your four strong arms can wield two-handed weapons with a shield.
You have a pair of large antennae on your head. (SInv)


Message History

You closely miss the killer bee.
The killer bee is heavily wounded.
Your plate armour prevents you from hitting the killer bee.
You block the killer bee's attack.
The killer bee stings you but does no damage.
The killer bee stings you.
* * * LOW HITPOINT WARNING * * *
You are poisoned.
The killer bee poisons you!
The killer bee stings you but does no damage.
You hit the killer bee.
The killer bee is almost dead.
You hit the killer bee but do no damage.
You feel sick. The killer bee completely misses you. The killer bee stings you.
* * * LOW HITPOINT WARNING * * *
You are lethally poisoned!
The killer bee poisons you! The killer bee stings you.
* * * LOW HITPOINT WARNING * * *
You block the killer bee's attack. The killer bee stings you.
You die...

...........#
..........#
..........#
##+##.....#
#+###...#.....#
........#.....#
.......a#.....#
......yy#.....#
#.†@......#
###########


You could see a worker ant and 2 killer bees.

Vanquished Creatures
  A phantom (D:4)
  2 ogres
  A water moccasin skeleton (D:7)
  A killer bee (D:7)
  A scorpion (D:4)
  A hound (D:4)
  An orc wizard (D:3)
  Jessica (D:2)
  Natasha (thrice) (D:3)
  3 worker ants
  Ijyb (D:3)
  A hound skeleton (D:5)
  3 adders
  An ooze (D:3)
  An adder zombie (D:7)
  2 worms
  2 dart slugs (D:1)
  4 leopard geckos
  4 orcs
  7 bats
  2 giant cockroaches
  11 goblins (D:3)
  9 hobgoblins
  4 jackals (D:2)
  4 kobolds
  A quokka (D:4)
  A ball python (D:2)
  10 frilled lizards
  5 rats
88 creatures vanquished.

Notes
Turn   | Place    | Note
-------+----------+-------------------------------------------
     0 | D:1      | Descartes the Formicid Fighter began the quest for the Orb.
     0 | D:1      | Reached XP level 1. HP: 18/18 MP: 1/1
   105 | D:1      | Reached XP level 2. HP: 12/24 MP: 2/2
   414 | D:1      | You fall through a shaft!
   415 | D:2      | Reached skill level 4 in Shields
   814 | D:2      | Reached XP level 3. HP: 12/29 MP: 3/3
  1314 | D:2      | Noticed Jessica
  1325 | D:2      | Killed Jessica
  1325 | D:2      | Reached XP level 4. HP: 16/37 MP: 4/4
  1751 | D:2      | Reached skill level 1 in Dodging
  2783 | D:3      | Reached XP level 5. HP: 38/42 MP: 5/5
  2838 | D:3      | Noticed Natasha
  2839 | D:3      | Noticed Ijyb
  2841 | D:3      | Killed Natasha
  2891 | D:3      | Killed Ijyb
  2994 | D:3      | Reached skill level 5 in Shields
  2994 | D:3      | Reached XP level 6. HP: 6/48 MP: 6/6
  3187 | D:3      | Noticed Natasha
  3194 | D:3      | Killed Natasha
  3320 | D:3      | Noticed Natasha
  3323 | D:3      | Found a shimmering altar of Xom.
  3329 | D:3      | Killed Natasha
  3330 | D:3      | Found a stormy altar of Qazlal.
  3330 | D:3      | Found a sacrificial altar of Ru.
  3362 | D:3      | Became a worshipper of Qazlal Stormbringer
  3377 | D:3      | Found a shattered altar of Ashenzari.
  3747 | D:4      | Noticed a phantom
  3788 | D:4      | Killed a phantom
  3788 | D:4      | Reached XP level 7. HP: 24/55 MP: 7/7
  4073 | D:4      | Reached skill level 6 in Shields
  4725 | D:5      | Entered Level 5 of the Dungeon
  4900 | D:5      | You fall through a shaft for 3 floors!
  4926 | D:8      | Found a staircase to the Lair.
  4961 | D:7      | Reached skill level 5 in Fighting
  4961 | D:7      | Reached skill level 1 in Invocations
  4961 | D:7      | Reached XP level 8. HP: 62/62 MP: 8/8
  4979 | D:7      | Reached skill level 5 in Armour
  4996 | D:7      | HP: 3/62 [killer bee (4)]
  4996 | D:7      | Slain by a killer bee

Skill      XL: |  1  2  3  4  5  6  7  8 |
---------------+-------------------------+-----
Shields        | 4 5 6 |  6.7
Dodging        | 1 2 |  2.6
Fighting       | 4 5 |  5.1
Armour         | 4 5 |  5.0
Axes           | 3 |  3.9
Invocations    | 1 |  1.3

Action                   |  1- 3 |  4- 6 |  7- 9 || total
-------------------------+-------+-------+-------++-------
Melee: War axe           |    64 |   223 |    73 ||   360
 Abil: Dig               |     6 |     4 |     2 ||    12
  Use: Scroll            |       |       |     2 ||     2
       Potion            |       |       |     5 ||     5
  Eat: Chunk             |     2 |     8 |     5 ||    15
Armor: Scale mail        |    23 |    84 |       ||   107
       Plate armour      |       |       |    52 ||    52
Dodge: Dodged            |    21 |    94 |    69 ||   184
Block: Shield            |    35 |   130 |    70 ||   235
